[Event "GAMMA Reykjavik Open 2019"]
[Site "Reykjavik"]
[Date "2019.04.13"]
[Round "6.20"]
[White "Loiseau, Quentin"]
[Black "Visser, Henk-Jan"]
[Result "1-0"]
[ECO "E11"]
[WhiteElo "2461"]
[BlackElo "2269"]
[Annotator "ChessBase"]
[PlyCount "133"]
[EventDate "2019.04.04"]
[EventType "swiss"]
[EventCountry "ISL"]
[SourceTitle "playchess.com"]
[Source "ChessBase"]
[SourceQuality "1"]
[TimeControl "40/5400+30:1800+30"]

1. d4 Nf6 2. c4 e6 3. Nf3 Bb4+ 4. Nbd2 O-O 5. a3 Be7 6. e4 d5 7. e5 Nfd7 8. Bd3 c5 9. Qc2 h6 10. O-O Nc6 11. Re1 a5 12. Nb3 b6 13. Bf4 Bb7 14. Rad1 a4 15. Nbd2 Nxd4 16. Nxd4 cxd4 17. Nf3 Nc5 18. Nxd4 Bg5 19. Bxg5 Qxg5 20. Nf3 Qh5 21. Be2 Rfd8 22. Rd4 dxc4 23. Rxc4 Rac8 24. Qc3 Qf5 25. h3 Bd5 26. Nh4 Qh7 27. Rg4 h5 28. Rg5 Ne4 29. Qxc8 Rxc8 30. Rxh5 Qxh5 31. Bxh5 Rc2 32. Bf3 Nd2 33. Bxd5 exd5 34. Nf5 Rxb2 35. Ne7+ Kh7 36. Nxd5 b5 37. f4 Rb1 38. Kf2 Rxe1 39. Kxe1 Nb1 40. Ke2 Nxa3 41. Kd3 Nc4 42. Kc3 a3 43. Kb3 Kh6 44. Nc3 g5 45. g3 gxf4 46. gxf4 Kg6 47. Nxb5 Ne3 48. Nd6 Nd5 49. f5+ Kg7 50. Kxa3 Nf4 51. h4 Nd3 52. f6+ Kg8 53. Nc4 Kh7 54. Kb3 Kg6 55. Kc3 Nf4 56. Nd6 Nh5 57. Kd4 Nf4 58. Ke4 Ne6 59. Kf3 Nd8 60. Kg4 Kh7 61. h5 Kh6 62. Kh4 Kh7 63. Kg5 Ne6+ 64. Kf5 Nd8 65. Nxf7 Nxf7 66. e6 Nd6+ 67. Ke5 1-0

[Event "GAMMA Reykjavik Open 2019"]
[Site "Reykjavik"]
[Date "2019.04.13"]
[Round "6.21"]
[White "Korley, Kassa"]
[Black "Jacobsen, Mikkel Manosri"]
[Result "1-0"]
[ECO "D37"]
[WhiteElo "2440"]
[BlackElo "2302"]
[Annotator "NA"]
[PlyCount "149"]
[EventDate "2019.04.04"]
[EventType "swiss"]
[EventCountry "ISL"]
[SourceTitle "playchess.com"]
[Source "ChessBase"]
[SourceQuality "1"]
[TimeControl "40/5400+30:1800+30"]

1. d4 Nf6 2. c4 e6 3. Nf3 d5 4. Nc3 Nbd7 5. Bf4 a6 6. cxd5 exd5 7. e3 Be7 8. Bd3 O-O 9. O-O c5 10. dxc5 Nxc5 11. Nd4 Qb6 12. Rb1 Rd8 13. b4 Nxd3 14. Qxd3 Bd7 15. Be5 Be8 16. Rfd1 Bf8 17. Nf3 Bb5 18. Nxb5 axb5 19. Bxf6 Qxf6 20. Qxb5 Rxa2 21. Qxb7 Qf5 22. Qb5 Rc8 23. Qxd5 Qxd5 24. Rxd5 Rb2 25. Rdd1 Rxb1 26. Rxb1 Bxb4 27. g4 Bd6 28. Kg2 h6 29. h3 g6 30. Rb2 Rc5 31. Ra2 h5 32. Nd2 hxg4 33. hxg4 Rc1 34. Ne4 Be7 35. Ra7 Kf8 36. Ra8+ Kg7 37. Re8 Rc7 38. f4 f6 39. Kf3 Kf7 40. Ra8 Ke6 41. Ra6+ Kf7 42. f5 gxf5 43. gxf5 Rc1 44. Ng3 Rd1 45. Ra5 Bd6 46. Ra7+ Kf8 47. Nh5 Be5 48. Ng7 Rb1 49. Ne6+ Ke8 50. Nc5 Rb5 51. Ne4 Rb4 52. Nf2 Rc4 53. Ng4 Bc3 54. Rg7 Bb2 55. Rg8+ Ke7 56. Rg7+ Ke8 57. Rb7 Bc3 58. Nh6 Ra4 59. Nf7 Kf8 60. Nh8 Ke8 61. Ng6 Ba1 62. Re7+ Kd8 63. Re6 Kd7 64. e4 Ra3+ 65. Kg4 Rd3 66. Nf8+ Kc7 67. Kh5 Rd8 68. Nh7 Rd6 69. Kg6 Bc3 70. Nxf6 Rxe6 71. fxe6 Kd8 72. Kf7 Bxf6 73. Kxf6 Ke8 74. e7 Kd7 75. Kf7 1-0

[Event "GAMMA Reykjavik Open 2019"]
[Site "Reykjavik"]
[Date "2019.04.13"]
[Round "6.26"]
[White "Mai, Aron Thor"]
[Black "Prithu Gupta"]
[Result "0-1"]
[ECO "C48"]
[WhiteElo "2067"]
[BlackElo "2478"]
[Annotator "ChessBase"]
[PlyCount "58"]
[EventDate "2019.04.04"]
[EventType "swiss"]
[EventCountry "ISL"]
[SourceTitle "playchess.com"]
[Source "ChessBase"]
[SourceQuality "1"]
[TimeControl "40/5400+30:1800+30"]

1. e4 e5 2. Nf3 Nc6 3. Nc3 Nf6 4. Bb5 Bd6 5. d3 O-O 6. a3 Ne7 7. O-O c6 8. Ba4 Bc7 9. d4 d5 10. dxe5 Nxe4 11. Nxe4 dxe4 12. Qxd8 Rxd8 13. Ng5 Bf5 14. Bb3 Nd5 15. c4 Nb6 16. Re1 Bxe5 17. c5 Nd5 18. Bc2 Nf6 19. g4 Nxg4 20. Bxe4 Bxe4 21. Nxe4 Bxh2+ 22. Kg2 Be5 23. f4 Bd4 24. Kf3 Nf6 25. Nxf6+ Bxf6 26. Be3 Rd3 27. Rad1 Rad8 28. Rxd3 Rxd3 29. Kg4 g6 0-1

[Event "GAMMA Reykjavik Open 2019"]
[Site "Reykjavik"]
[Date "2019.04.13"]
[Round "6.29"]
[White "Suleymenov, Alisher"]
[Black "Mayrhuber, Nikola"]
[Result "1-0"]
[ECO "E05"]
[WhiteElo "2431"]
[BlackElo "1977"]
[Annotator "NA RC"]
[PlyCount "115"]
[EventDate "2019.04.04"]
[EventType "swiss"]
[EventCountry "ISL"]
[SourceTitle "playchess.com"]
[Source "ChessBase"]
[SourceQuality "1"]
[TimeControl "40/5400+30:1800+30"]

1. d4 d5 2. c4 e6 3. Nf3 Nf6 4. g3 Be7 5. Bg2 O-O 6. O-O dxc4 7. Qc2 a6 8. a4 Bd7 9. Qxc4 Bc6 10. Bg5 Bd5 11. Qd3 c5 12. dxc5 Bxc5 13. Nc3 Bc6 14. Qc4 Be7 15. Rfd1 Qa5 16. e4 h6 17. Bf4 Nbd7 18. Nd4 Ne5 19. Bxe5 Qxe5 20. Nxc6 bxc6 21. Rd2 Qc5 22. Qxc5 Bxc5 23. Rc2 Ba7 24. Na2 Rab8 25. b4 a5 26. bxa5 Bd4 27. Re1 c5 28. Bf1 Ng4 29. Kg2 Rb3 30. Bb5 Ra3 31. Nc1 Rc8 32. a6 Rc7 33. h3 Ne5 34. Rd1 Ra7 35. Ne2 Nf3 36. Nxd4 cxd4 37. Be2 d3 38. Rc8+ Kh7 39. Bxf3 Rxa6 40. Rd8 R6xa4 41. R8xd3 Rxd3 42. Rxd3 g6 43. g4 Kg7 44. Kg3 Ra5 45. Bd1 Rc5 46. f4 Ra5 47. Rc3 Ra1 48. Be2 Ra5 49. Bd3 Ra4 50. f5 gxf5 51. exf5 exf5 52. Bxf5 Ra5 53. Kh4 Ra6 54. Rc7 Rb6 55. Bd3 Rf6 56. Bc4 Rf2 57. Kh5 Rf3 58. Rxf7+ 1-0

[Event "GAMMA Reykjavik Open 2019"]
[Site "Reykjavik"]
[Date "2019.04.13"]
[Round "6.30"]
[White "Valtysson, Thor"]
[Black "Borocz, Istvan"]
[Result "0-1"]
[ECO "A48"]
[WhiteElo "1915"]
[BlackElo "2350"]
[Annotator "NA"]
[PlyCount "74"]
[EventDate "2019.04.04"]
[EventType "swiss"]
[EventCountry "ISL"]
[SourceTitle "playchess.com"]
[Source "ChessBase"]
[SourceQuality "1"]
[TimeControl "40/5400+30:1800+30"]

1. d4 Nf6 2. Nf3 g6 3. Bf4 Bg7 4. e3 b6 5. Be2 Bb7 6. O-O O-O 7. h3 c5 8. c3 d6 9. Nbd2 Nbd7 10. a4 a6 11. Bh2 Ra7 12. Re1 Qa8 13. Bf1 Ne4 14. Nxe4 Bxe4 15. Nd2 Bc6 16. Qb1 Rc8 17. Rc1 Rac7 18. Qd3 Bb7 19. Bg3 Re8 20. Nc4 Be4 21. Qe2 Ra7 22. Rd1 Rb8 23. f3 Bd5 24. e4 Bxc4 25. Qxc4 b5 26. axb5 axb5 27. Rxa7 Qxa7 28. Qd3 b4 29. Bf2 bxc3 30. bxc3 Qa2 31. Rd2 Qa3 32. Rc2 Rb1 33. g3 cxd4 34. Bxd4 Bxd4+ 35. Qxd4 Ne5 36. Rf2 Rc1 37. f4 Nc6 0-1

[Event "GAMMA Reykjavik Open 2019"]
[Site "Reykjavik"]
[Date "2019.04.13"]
[Round "6.31"]
[White "Stefansson, Vignir Vatnar"]
[Black "Baldvinsson, Loftur"]
[Result "1-0"]
[ECO "C57"]
[WhiteElo "2293"]
[BlackElo "1938"]
[Annotator "NA"]
[PlyCount "61"]
[EventDate "2019.04.04"]
[EventType "swiss"]
[EventCountry "ISL"]
[SourceTitle "playchess.com"]
[Source "ChessBase"]
[SourceQuality "1"]
[TimeControl "40/5400+30:1800+30"]

1. e4 e5 2. Nf3 Nc6 3. Bc4 Nf6 4. Ng5 d5 5. exd5 Nd4 6. c3 Nf5 7. Qe2 Bd6 8. d3 O-O 9. O-O Nh4 10. Ne4 h6 11. Nbd2 Nh7 12. Qh5 Ng6 13. Nxd6 cxd6 14. Ne4 Ne7 $16 15. f4 f5 16. Ng3 Nf6 17. Qf3 Kh8 18. Re1 Qc7 19. Qe2 Ng6 20. fxe5 dxe5 21. Kh1 Bd7 22. a4 Rae8 23. b3 Ng4 24. Ba3 Nf4 25. Qf1 a6 26. d4 b5 27. dxe5 bxc4 28. Qxf4 cxb3 29. Bxf8 Rxf8 30. h3 g5 31. Qd4 1-0

[Event "GAMMA Reykjavik Open 2019"]
[Site "Reykjavik"]
[Date "2019.04.14"]
[Round "7.10"]
[White "Libiszewski, Fabien"]
[Black "Potkin, Vladimir"]
[Result "1/2-1/2"]
[ECO "B90"]
[WhiteElo "2488"]
[BlackElo "2597"]
[Annotator "ChessBase"]
[PlyCount "63"]
[EventDate "2019.04.04"]
[EventType "swiss"]
[EventCountry "ISL"]
[SourceTitle "playchess.com"]
[Source "ChessBase"]
[SourceQuality "1"]
[TimeControl "40/5400+30:1800+30"]

1. e4 c5 2. Nf3 d6 3. d4 cxd4 4. Nxd4 Nf6 5. Nc3 a6 6. Be3 e5 7. Nb3 Be7 8. h3 Be6 9. g4 d5 10. exd5 Nxd5 11. Bg2 Nxe3 12. Qxd8+ Kxd8 13. fxe3 Bh4+ 14. Kf1 Bc4+ 15. Kg1 Nc6 16. Nc5 Kc7 17. b3 Be7 18. Nd3 Bxd3 19. Nd5+ Kd6 20. cxd3 Bh4 21. Kf1 Raf8 22. Ke2 f5 23. gxf5 Rxf5 24. Raf1 Rhf8 25. Rxf5 Rxf5 26. Rf1 Rxf1 27. Kxf1 Bd8 28. Ke2 b5 29. b4 a5 30. bxa5 Bxa5 31. Kd1 Nb4 32. Nxb4 {[%emt 0:00:08] Kd5 [%emt 00:00:21]} 1/2-1/2

[Event "GAMMA Reykjavik Open 2019"]
[Site "Reykjavik"]
[Date "2019.04.14"]
[Round "7.11"]
[White "Fier, Alexandr"]
[Black "Loiseau, Quentin"]
[Result "0-1"]
[ECO "A13"]
[WhiteElo "2570"]
[BlackElo "2461"]
[Annotator "ChessBase"]
[PlyCount "98"]
[EventDate "2019.04.04"]
[EventType "swiss"]
[EventCountry "ISL"]
[SourceTitle "playchess.com"]
[Source "ChessBase"]
[SourceQuality "1"]
[TimeControl "40/5400+30:1800+30"]

1. c4 e6 2. Nf3 d5 3. g3 Nf6 4. Bg2 d4 5. O-O c5 6. e3 Nc6 7. exd4 cxd4 8. d3 Bd6 9. b3 O-O 10. Ba3 Re8 11. Bxd6 Qxd6 12. a3 a5 13. Nbd2 h6 14. Qc2 e5 15. c5 Qe7 16. Rfe1 Bf5 17. Nh4 Be6 18. Ne4 Nd5 19. Nf3 Red8 20. Nd6 b6 21. Nxe5 Nxe5 22. Rxe5 bxc5 23. Nc4 Qc7 24. Rae1 Rab8 25. f4 Ne3 26. Nxe3 dxe3 27. R1xe3 Qd7 28. Qxc5 Rdc8 29. Qxa5 Qd4 30. Kh1 Rc2 31. Qe1 Rbc8 32. Qf1 Qb2 33. Re2 Bg4 34. Rxc2 Rxc2 35. h3 Be2 36. Qf2 Bxd3 37. Qf3 Rc1+ 38. Kh2 Bf1 39. Qa8+ Kh7 40. Qe4+ g6 41. Qd5 Rc7 42. Re8 Bxg2 43. Qe5 Qxe5 44. Rxe5 Rc2 45. b4 Bb7+ 46. Kg1 Rg2+ 47. Kf1 Rxg3 48. a4 Rf3+ 49. Ke1 Rxf4 0-1

[Event "GAMMA Reykjavik Open 2019"]
[Site "Reykjavik"]
[Date "2019.04.14"]
[Round "7.12"]
[White "Brunello, Sabino"]
[Black "Lagarde, Maxime"]
[Result "1-0"]
[ECO "D80"]
[WhiteElo "2534"]
[BlackElo "2612"]
[Annotator "RC"]
[PlyCount "99"]
[EventDate "2019.04.04"]
[EventType "swiss"]
[EventCountry "ISL"]
[SourceTitle "playchess.com"]
[Source "ChessBase"]
[SourceQuality "1"]
[TimeControl "40/5400+30:1800+30"]

1. d4 Nf6 2. c4 g6 3. Nc3 d5 4. Bg5 Bg7 5. Bxf6 Bxf6 6. cxd5 c5 7. dxc6 Bxd4 8. cxb7 Bxb7 9. e3 Bxc3+ 10. bxc3 Qa5 11. Rb1 Qxc3+ 12. Qd2 Qxd2+ 13. Kxd2 Nc6 14. Nf3 O-O-O+ 15. Bd3 e5 16. Rhc1 Rhe8 17. e4 Re7 18. Ke3 Rc7 19. Bc4 f6 20. Bd5 Na5 21. Rxc7+ Kxc7 22. Rb5 Rxd5 23. exd5 Nc4+ 24. Ke2 Nd6 25. Rb2 Bxd5 26. g4 g5 27. Nd2 a5 28. Kd3 Bf7 29. Ne4 Bg6 30. f3 f5 31. Nxd6 Kxd6 32. gxf5 Bxf5+ 33. Kc4 Be6+ 34. Kb5 Bd5 35. Rf2 h5 36. a4 e4 37. fxe4 Bxe4 38. Rf6+ Ke5 39. Rh6 h4 40. Kxa5 Kf4 41. Kb6 Kf3 42. Kc5 Kg2 43. Kd4 Bf3 44. Ke3 h3 45. a5 g4 46. Rg6 Kxh2 47. Kf2 Be2 48. Kxe2 g3 49. a6 g2 50. a7 1-0

[Event "GAMMA Reykjavik Open 2019"]
[Site "Reykjavik"]
[Date "2019.04.14"]
[Round "7.15"]
[White "Thorhallsson, Simon"]
[Black "Djukic, Nikola"]
[Result "0-1"]
[ECO "E81"]
[WhiteElo "2171"]
[BlackElo "2566"]
[Annotator "ChessBase"]
[PlyCount "86"]
[EventDate "2019.04.04"]
[EventType "swiss"]
[EventCountry "ISL"]
[SourceTitle "playchess.com"]
[Source "ChessBase"]
[SourceQuality "1"]
[TimeControl "40/5400+30:1800+30"]

1. d4 Nf6 2. c4 g6 3. Nc3 Bg7 4. e4 d6 5. f3 O-O 6. Be3 a6 7. Qd2 Nbd7 8. Nh3 c5 9. d5 b5 10. cxb5 Qa5 11. bxa6 Bxa6 12. Bxa6 Qxa6 13. Qe2 Rfb8 14. Qxa6 Rxa6 15. Rb1 Ng4 16. Bd2 Ne3 17. Kf2 Nc4 18. Ke2 Nxb2 19. Rhc1 Rbb6 20. Rc2 Nc4 21. Rxb6 Ndxb6 22. Nf2 f5 23. Nfd1 fxe4 24. fxe4 Be5 25. h3 Kf7 26. Ne3 Nxe3 27. Kxe3 Nc4+ 28. Kd3 Nxd2 29. Kxd2 Ra3 30. Nb5 Ra4 31. Kd3 Kf6 32. Rf2+ Kg5 33. Rf7 c4+ 34. Ke3 Rxa2 35. Rxe7 Rxg2 36. Rc7 Rg3+ 37. Kd2 Rd3+ 38. Ke2 Rb3 39. Na7 Rxh3 40. Rxc4 Kf4 41. Nc6 Re3+ 42. Kf2 Rxe4 43. Nxe5 Kxe5 0-1

[Event "GAMMA Reykjavik Open 2019"]
[Site "Reykjavik"]
[Date "2019.04.14"]
[Round "7.18"]
[White "Giacomini, Hector"]
[Black "Kanarek, Marcel"]
[Result "0-1"]
[ECO "A48"]
[WhiteElo "2167"]
[BlackElo "2505"]
[Annotator "ChessBase"]
[PlyCount "68"]
[EventDate "2019.04.04"]
[EventType "swiss"]
[EventCountry "ISL"]
[SourceTitle "playchess.com"]
[Source "ChessBase"]
[SourceQuality "1"]
[TimeControl "40/5400+30:1800+30"]

1. Nf3 Nf6 2. d4 g6 3. Bg5 Bg7 4. Nbd2 O-O 5. e3 d6 6. Bd3 Nc6 7. c3 h6 8. Bh4 e5 9. O-O g5 10. Bg3 Qe7 11. Qc2 Re8 12. dxe5 dxe5 13. e4 Nh5 14. Rfe1 Nf4 15. Bf1 h5 16. h3 g4 17. hxg4 hxg4 18. Nh4 Nh5 19. Nc4 Bf6 20. Nf5 Bxf5 21. exf5 Nxg3 22. fxg3 e4 23. Qe2 Qc5+ 24. Qe3 Qxf5 25. Qf4 Qxf4 26. gxf4 Bh4 27. Red1 e3 28. Be2 Re4 29. Rd7 Rxf4 30. Rad1 Re8 31. Rxc7 Bf2+ 32. Kf1 Bg3+ 33. Kg1 Rxc4 34. Bxc4 Bxc7 0-1

[Event "GAMMA Reykjavik Open 2019"]
[Site "Reykjavik"]
[Date "2019.04.14"]
[Round "7.21"]
[White "Prithu Gupta"]
[Black "Le Goff, Ronan"]
[Result "1-0"]
[ECO "A14"]
[WhiteElo "2478"]
[BlackElo "2186"]
[Annotator "ChessBase"]
[PlyCount "103"]
[EventDate "2019.04.04"]
[EventType "swiss"]
[EventCountry "ISL"]
[SourceTitle "playchess.com"]
[Source "ChessBase"]
[SourceQuality "1"]
[TimeControl "40/5400+30:1800+30"]

1. Nf3 Nf6 2. g3 e6 3. c4 d5 4. Bg2 Be7 5. O-O O-O 6. b3 d4 7. e3 c5 8. Ne5 Ne8 9. f4 f6 10. Nd3 Nc7 11. Ba3 Nba6 12. Bb2 Rb8 13. Na3 b5 14. Nxb5 Nxb5 15. cxb5 Rxb5 16. Qc2 dxe3 17. dxe3 Nb4 18. Nxb4 cxb4 19. Bd4 Bb7 20. Qc4 Qd7 21. Bxb7 Rxb7 22. Rac1 Rd8 23. Qa6 Kf7 24. Rc4 Qd5 25. Qc6 Qxc6 26. Rxc6 Bd6 27. Kf2 Ke7 28. Ke2 Rc7 29. Rfc1 Kd7 30. Rxc7+ Bxc7 31. Bc5 a5 32. g4 g6 33. Be7 Kxe7 34. Rxc7+ Rd7 35. Rxd7+ Kxd7 36. Kd3 h5 37. g5 fxg5 38. fxg5 Kd6 39. Kd4 h4 40. h3 e5+ 41. Kc4 e4 42. Kd4 Ke6 43. Kxe4 Kd6 44. Kd4 Ke6 45. e4 Kd6 46. e5+ Ke6 47. Ke4 Kd7 48. Kd5 Ke7 49. e6 Ke8 50. e7 Kxe7 51. Ke5 Kf7 52. Kd6 1-0

[Event "GAMMA Reykjavik Open 2019"]
[Site "Reykjavik"]
[Date "2019.04.14"]
[Round "7.24"]
[White "Obrien, Matthew"]
[Black "Suleymenov, Alisher"]
[Result "0-1"]
[ECO "B48"]
[WhiteElo "2110"]
[BlackElo "2431"]
[Annotator "NA"]
[PlyCount "84"]
[EventDate "2019.04.04"]
[EventType "swiss"]
[EventCountry "ISL"]
[SourceTitle "playchess.com"]
[Source "ChessBase"]
[SourceQuality "1"]
[TimeControl "40/5400+30:1800+30"]

1. e4 c5 2. Nf3 Nc6 3. d4 cxd4 4. Nxd4 e6 5. Nc3 Qc7 6. Be3 a6 7. Qf3 Bd6 8. O-O-O Be5 9. Qe2 Nf6 10. g3 O-O 11. f4 Bxd4 12. Bxd4 Nxd4 13. Rxd4 d6 14. g4 e5 $11 15. Rc4 Qd8 16. g5 Nd7 17. f5 b5 18. Rc6 Nb8 19. Rxc8 Qxg5+ 20. Kb1 Rxc8 21. Nd5 Nd7 22. Qf2 Kh8 23. Rg1 Qh6 24. Bd3 Rab8 25. f6 Nxf6 26. Ne7 Rf8 27. Nf5 Qf4 28. Qg2 g6 29. Nxd6 Rbd8 30. Rf1 Qe3 31. Nb7 Rd7 32. Na5 Nh5 33. a3 Nf4 34. Qg5 f6 35. Qh6 Rc8 36. Ka2 Qb6 37. Nb3 Nxd3 38. cxd3 Qe6 39. Rc1 Rxc1 40. Qf8+ Qg8 41. Qxf6+ Rg7 42. Qxe5 Rd1 0-1

[Event "GAMMA Reykjavik Open 2019"]
[Site "Reykjavik"]
[Date "2019.04.14"]
[Round "7.25"]
[White "Tania, Sachdev"]
[Black "Walton, Alan J"]
[Result "1-0"]
[ECO "E04"]
[WhiteElo "2397"]
[BlackElo "2132"]
[Annotator "NA"]
[PlyCount "59"]
[EventDate "2019.04.04"]
[EventType "swiss"]
[EventCountry "ISL"]
[SourceTitle "playchess.com"]
[Source "ChessBase"]
[SourceQuality "1"]
[TimeControl "40/5400+30:1800+30"]

1. d4 d5 2. c4 c6 3. Nf3 Nf6 4. Nc3 e6 5. g3 dxc4 6. Bg2 b5 7. Ne5 Nd5 8. e4 Nxc3 9. bxc3 Be7 10. a4 b4 11. O-O a5 12. Nxc4 Ba6 13. Qb3 bxc3 14. Rd1 Nd7 15. Qxc3 Bb4 16. Qc2 O-O 17. Be3 Rc8 18. Rac1 Qe7 19. Qa2 Bb7 20. Bd2 c5 21. Nxa5 Bxa5 22. Bxa5 cxd4 23. Qb2 Rxc1 24. Rxc1 Ba6 25. Qxd4 Rb8 26. h4 Nf8 27. Rc7 Rd8 28. Qb6 Rd1+ 29. Kh2 Qd6 30. Rc6 1-0

[Event "GAMMA Reykjavik Open 2019"]
[Site "Reykjavik"]
[Date "2019.04.14"]
[Round "7.26"]
[White "Borocz, Istvan"]
[Black "Maroroa, Sue"]
[Result "1-0"]
[ECO "E92"]
[WhiteElo "2350"]
[BlackElo "2128"]
[Annotator "NA"]
[PlyCount "77"]
[EventDate "2019.04.04"]
[EventType "swiss"]
[EventCountry "ISL"]
[SourceTitle "playchess.com"]
[Source "ChessBase"]
[SourceQuality "1"]
[TimeControl "40/5400+30:1800+30"]

1. d4 Nf6 2. c4 g6 3. Nc3 Bg7 4. e4 d6 5. Be2 O-O 6. Bg5 h6 7. Be3 e5 8. d5 a5 9. Nf3 Ng4 10. Bd2 f5 11. Qc1 Nxf2 12. Kxf2 fxe4 13. Nxe4 Qh4+ 14. Ke3 Qf4+ 15. Kd3 Qf7 16. Bxh6 Bf5 17. Bxg7 Bxe4+ 18. Kxe4 Qf5+ 19. Ke3 Kxg7 20. Bd3 e4 21. Bxe4 Re8 22. Qc3+ Kg8 23. Kf2 Rxe4 24. Rhe1 Rxe1 25. Rxe1 Nd7 26. Kg1 Rf8 27. h3 b6 28. Qe3 Nc5 29. Qe7 Nd3 30. Re3 Ne5 31. Ng5 Qf2+ 32. Kh2 Qf4+ 33. Rg3 Qh4 34. Qxc7 Rf5 35. Qd8+ Rf8 36. Qxd6 Qf4 37. Qe7 Rf6 38. Qh7+ Kf8 39. Ne6+ 1-0

[Event "GAMMA Reykjavik Open 2019"]
[Site "Reykjavik"]
[Date "2019.04.14"]
[Round "7.28"]
[White "Cornette, Matthieu"]
[Black "Ingvason, Johann"]
[Result "1-0"]
[ECO "C54"]
[WhiteElo "2556"]
[BlackElo "2181"]
[Annotator "RC"]
[PlyCount "147"]
[EventDate "2019.04.04"]
[EventType "swiss"]
[EventCountry "ISL"]
[SourceTitle "playchess.com"]
[Source "ChessBase"]
[SourceQuality "1"]
[TimeControl "40/5400+30:1800+30"]

1. e4 e5 2. Nf3 Nc6 3. Bc4 Nf6 4. d3 Bc5 5. O-O d6 6. c3 O-O 7. b4 Bb6 8. Bg5 Be6 9. Nbd2 a5 10. b5 Nb8 11. d4 Nbd7 12. Qc2 Qe7 13. Rfe1 h6 14. Bh4 Qe8 15. h3 Nh5 16. Kh1 g5 17. Bg3 f6 18. a4 Kh8 19. Qa2 Bg8 20. Nf1 Qg6 21. Bxg8 Rxg8 22. Qd5 Rab8 23. Ne3 Rgf8 24. Rad1 Qf7 25. Qxf7 Rxf7 26. Nf5 Kh7 27. Nd2 Ng7 28. Nxg7 Kxg7 29. Nc4 Rc8 30. f3 Kf8 31. Re2 Re7 32. Ne3 Rh7 33. Bf2 Rf7 34. Red2 Kg7 35. g3 Kg6 36. Kg2 Nf8 37. Nc4 Ne6 38. d5 Nc5 39. Bxc5 Bxc5 40. Nxa5 Ra8 41. Nxb7 Rxa4 42. Nxc5 dxc5 43. g4 Ra3 44. Rc2 Rf8 45. d6 cxd6 46. Rxd6 c4 47. Rc6 Rb8 48. b6 Rb3 49. Rxc4 R8xb6 50. Rc7 Ra3 51. Rd2 Rb1 52. Kg3 Rg1+ 53. Kf2 Rc1 54. Rdd7 Ra2+ 55. Ke3 Re1+ 56. Kd3 Rd1+ 57. Kc4 Rxd7 58. Rxd7 Rh2 59. Rd3 Rxh3 60. Kd5 Kf7 61. c4 h5 62. Rd1 hxg4 63. fxg4 Rg3 64. c5 Ke7 65. c6 Rxg4 66. Ra1 Rg2 67. Ra7+ Kd8 68. Rf7 Rd2+ 69. Ke6 Rc2 70. c7+ Kc8 71. Rxf6 Rc6+ 72. Kxe5 Rxf6 73. Kxf6 g4 74. e5 1-0

[Event "GAMMA Reykjavik Open 2019"]
[Site "Reykjavik"]
[Date "2019.04.14"]
[Round "7.29"]
[White "Saduakassova, Dinara"]
[Black "Gantar, Jan"]
[Result "1-0"]
[ECO "C10"]
[WhiteElo "2461"]
[BlackElo "2172"]
[Annotator "RC"]
[PlyCount "53"]
[EventDate "2019.04.04"]
[EventType "swiss"]
[EventCountry "ISL"]
[SourceTitle "playchess.com"]
[Source "ChessBase"]
[SourceQuality "1"]
[TimeControl "40/5400+30:1800+30"]

1. e4 e6 2. d4 d5 3. Nd2 dxe4 4. Nxe4 Bd7 5. Nf3 Bc6 6. Bd3 Nd7 7. c3 Ngf6 8. Nxf6+ Qxf6 9. Bg5 Bxf3 10. Qd2 Bxg2 11. Bxf6 Bxh1 12. Bh4 Bc6 13. O-O-O Be7 14. Bxe7 Kxe7 15. Qg5+ Kf8 16. c4 Nf6 17. Rg1 Rg8 18. Qc5+ Ke8 19. d5 Bd7 20. dxe6 Bxe6 21. Qxc7 Nd7 22. f4 f5 23. Re1 Kf7 24. Qd6 Nf8 25. Bxf5 Re8 26. Bxe6+ Nxe6 27. f5 1-0

[Event "GAMMA Reykjavik Open 2019"]
[Site "Reykjavik"]
[Date "2019.04.14"]
[Round "7.31"]
[White "Kreckovic, Milos"]
[Black "Astaneh Lopez, Alex"]
[Result "0-1"]
[ECO "E49"]
[WhiteElo "2168"]
[BlackElo "2427"]
[Annotator "NA"]
[PlyCount "76"]
[EventDate "2019.04.04"]
[EventType "swiss"]
[EventCountry "ISL"]
[SourceTitle "playchess.com"]
[Source "ChessBase"]
[SourceQuality "1"]
[TimeControl "40/5400+30:1800+30"]

1. d4 Nf6 2. c4 e6 3. Nc3 Bb4 4. a3 Bxc3+ 5. bxc3 O-O 6. f3 d5 7. e3 c5 8. cxd5 exd5 9. Bd3 b6 10. Ne2 Ba6 11. Bxa6 Nxa6 12. O-O Qd7 13. Qd3 Qb7 14. g4 Rfe8 15. Ng3 Rad8 16. Ra2 Nc7 17. Rg2 Qa6 18. Qf5 Nb5 $14 (18... Qc4 $15) 19. Qg5 h6 20. Qh4 Nh7 21. e4 Nxc3 22. g5 hxg5 23. Bxg5 Nxg5 24. Qxg5 Rd6 25. Nf5 Rg6 26. Ne7+ Rxe7 27. Qxe7 Ne2+ 28. Kf2 Rxg2+ 29. Kxg2 Nf4+ 30. Kg3 Qxf1 31. Kxf4 Qc1+ 32. Ke5 dxe4 33. Qd8+ Kh7 34. Qh4+ Qh6 35. Qxe4+ g6 36. d5 Qxh2+ 37. Kf6 Qc7 38. Qh4+ Kg8 0-1

[Event "GAMMA Reykjavik Open 2019"]
[Site "Reykjavik"]
[Date "2019.04.15"]
[Round "8.17"]
[White "Christiansen, Johan-Sebastian"]
[Black "Van de Plassche, Bas"]
[Result "1-0"]
[ECO "A34"]
[WhiteElo "2571"]
[BlackElo "2376"]
[Annotator "ChessBase"]
[PlyCount "21"]
[EventDate "2019.04.04"]
[EventType "swiss"]
[EventCountry "ISL"]
[SourceTitle "playchess.com"]
[Source "ChessBase"]
[SourceQuality "1"]
[TimeControl "40/5400+30:1800+30"]

1. Nf3 c5 2. c4 Nc6 3. Nc3 e5 4. e3 Nf6 5. d4 cxd4 6. exd4 e4 7. Ne5 Bb4 8. Be2 Qa5 9. O-O Nxe5 10. dxe5 Qxe5 11. Bd2 1-0

[Event "GAMMA Reykjavik Open 2019"]
[Site "Reykjavik"]
[Date "2019.04.15"]
[Round "8.24"]
[White "Astaneh Lopez, Alex"]
[Black "Einarsson, Halldor Gretar"]
[Result "1-0"]
[ECO "A49"]
[WhiteElo "2427"]
[BlackElo "2279"]
[Annotator "NA"]
[PlyCount "47"]
[EventDate "2019.04.04"]
[EventType "swiss"]
[EventCountry "ISL"]
[SourceTitle "playchess.com"]
[Source "ChessBase"]
[SourceQuality "1"]
[TimeControl "40/5400+30:1800+30"]

1. Nf3 Nf6 2. g3 g6 3. b3 Bg7 4. Bb2 O-O 5. Bg2 d6 6. d4 c6 7. O-O Nbd7 8. Re1 Qc7 9. e4 Rd8 10. a4 e5 11. Nbd2 exd4 12. Nxd4 Nf8 13. Qf3 Bg4 14. Qf4 Qd7 15. Nc4 Ne6 16. Nxe6 Qxe6 17. h3 Bh5 18. g4 b5 19. axb5 cxb5 20. e5 Nd5 21. Bxd5 Qxd5 22. Ne3 dxe5 23. Nxd5 exf4 24. Nf6+ 1-0

[Event "GAMMA Reykjavik Open 2019"]
[Site "Reykjavik"]
[Date "2019.04.16"]
[Round "9.1"]
[White "Parligras, Mircea-Emilian"]
[Black "Lupulescu, Constantin"]
[Result "1/2-1/2"]
[ECO "D38"]
[WhiteElo "2633"]
[BlackElo "2634"]
[Annotator "RC"]
[PlyCount "61"]
[EventDate "2019.04.04"]
[EventType "swiss"]
[EventCountry "ISL"]
[SourceTitle "playchess.com"]
[Source "ChessBase"]
[SourceQuality "1"]
[TimeControl "40/5400+30:1800+30"]

1. c4 Nf6 2. Nf3 e6 3. Nc3 d5 4. d4 Bb4 5. Bg5 h6 6. Bxf6 Qxf6 7. e3 O-O 8. Rc1 dxc4 9. Bxc4 c5 10. O-O cxd4 11. Nxd4 Bd7 12. Ne4 Qe7 13. Be2 Nc6 14. a3 Nxd4 15. Qxd4 Ba5 16. Qc5 Qxc5 17. Nxc5 Bc6 18. b4 Bb6 19. Bf3 Bxf3 20. gxf3 Bxc5 21. Rxc5 Rfc8 22. Rfc1 Rxc5 23. Rxc5 Rd8 24. Rc7 Rd1+ 25. Kg2 Ra1 26. Rxb7 Rxa3 27. f4 a5 28. bxa5 Rxa5 29. Rb8+ Kh7 30. Rb7 Kg6 31. h3 1/2-1/2